 Dungeon Crawl Stone Soup version 0.18.1-47-g9310371 (webtiles) character file.

188 AvylaarBelgium the Firebug (level 5, -1/28 HPs)
             Began as a Deep Elf Fire Elementalist on June 18, 2016.
             Killed from afar by an orc wizard (8 damage)
             ... with a magic dart
             ... on level 4 of the Dungeon.
             The game lasted 00:04:55 (2027 turns).

AvylaarBelgium the Firebug (DEFE)                   Turns: 2027, Time: 00:04:55

Health: -1/28      AC:  4    Str:  5    XL:     5   Next: 39%
Magic:  1/14       EV: 13    Int: 21    God:
Gold:   224        SH:  0    Dex: 15    Spells: 2 memorised, 8 levels left

rFire  . . .     SeeInvis .     t - +0 falchion (curse)
rCold  . . .     Gourm    .     a - +0 robe
rNeg   . . .     Faith    .     (no shield)
rPois  .         Spirit   .     y - +0 helmet
rElec  .         Dismiss  .     k - +0 cloak
rCorr  .         Reflect  .     (no gloves)
SustAt .         Harm     .     (no boots)
MR     .....                    (no amulet)
Stlth  +++.......               (no ring)
                                q - ring of stealth (curse)

@: not resistant to hostile enchantments, fairly stealthy
A: no striking features
a: no special abilities


You were on level 4 of the Dungeon.
You were not hungry.

You visited 1 branch of the dungeon, and saw 4 of its levels.

You collected 224 gold pieces.

Inventory:

Hand Weapons
 h - a +0 club
 t - a cursed +0 falchion (weapon)
Armour
 a - a +0 robe (worn)
 k - a +0 cloak (worn)
 y - a +0 helmet (worn)
Jewellery
 q - a cursed ring of stealth (left hand)
Scrolls
 f - a scroll of teleportation {unknown}
 g - a scroll of amnesia {unknown}
 i - 6 scrolls of identify {unknown}
 l - a scroll of random uselessness {unknown}
 n - a scroll of enchant armour {unknown}
 w - a scroll of immolation {unknown}
 A - a scroll of blinking {unknown}
Potions
 e - a potion of resistance {unknown}
 j - 3 potions of agility {unknown}
 m - a potion of invisibility {unknown}
 o - 2 potions of brilliance {unknown}
 p - a potion of lignification {unknown}
 r - a potion of flight {unknown}
 s - a potion of cancellation {unknown}
 v - a potion of degeneration {unknown}
 x - 2 potions of curing {unknown}
 z - 2 potions of ambrosia {unknown}
Books
 b - a book of Flames

   Spells                             Type                      Level
   a - Flame Tongue                   Conjuration/Fire             1
   b - Throw Flame                    Conjuration/Fire             2
   c - Conjure Flame                  Conjuration/Fire             3
   d - Inner Flame                    Hexes/Fire                   3
   e - Sticky Flame                   Conjuration/Fire             4
   f - Fireball                       Conjuration/Fire             5
Comestibles
 c - 2 bread rations
 d - a meat ration
 u - a beef jerky


   Skills:
 - Level 2.4 Dodging
 - Level 2.4 Stealth
 + Level 4.8 Spellcasting
 + Level 3.5 Conjurations
 + Level 4.8 Fire Magic


You had 8 spell levels left.
You knew the following spells:

 Your Spells              Type           Power        Failure   Level  Hunger
a - Flame Tongue          Conj/Fire      ###..        1%          1    None
b - Sticky Flame          Conj/Fire      ###.....     24%         4    ####...


Dungeon Overview and Level Annotations

Branches:
Dungeon (4/15)             Temple (0/1) D:4

Altars:
Ashenzari
Elyvilon
Kikubaaqudgha
Makhleb
Nemelex Xobeh
Okawaru
Pakellas

Annotations:
D:4 Krovax's ghost, amateur MfSk


Message History

Krovax's ghost is almost destroyed.
Krovax's ghost hits you.
Casting: Flame Tongue
Confirm with . or Enter, or press ? or * to list all spells.
Aiming: Flame Tongue
Press: ? - help, Shift-Dir - straight line, f/p - orc priest
Aim: an orc priest, wearing a chain mail The flame tongue hits Krovax's ghost.
Krovax's ghost appears unharmed.
Krovax's ghost is almost destroyed.
Krovax's ghost screams, "Do you think the gods will protect you?"
Krovax's ghost hits you!
* * * LOW HITPOINT WARNING * * *
An orc priest comes into view. It is wielding a dagger.
An orc wizard comes into view. It is wielding a dagger.
The orc wizard shouts!
The orc priest moves out of view.
An orc comes into view. It is wielding a short sword.
The orc wizard points at you and mumbles some strange words.
The magic dart hits you!
You die...

....... ......#.#...
....... ...........
.......#†W...#....
........## #...# .
.........#####...## ..
.......#.)..##....#o.#
.......####o##.....o.
....... #..W...# #######
####@..# ## #..###....
##......#
.################.###..#
........#...[.....# .
#.....######## #..###.#
....# #.###### .) #.####
#......###..#


You could see an orc priest, an orc wizard, Krovax's ghost and an orc
(wandering).

Vanquished Creatures
  2 hounds
  A worker ant (D:4)
  A worker ant zombie (D:3)
  An adder (D:2)
  A worm (D:2)
  A dart slug (D:1)
  A giant gecko (D:2)
  8 orcs
  A ball python (D:1)
  4 bats
  3 giant cockroaches
  8 goblins
  7 hobgoblins
  7 jackals (D:1)
  6 kobolds
  A quokka (D:2)
  8 giant newts
  5 rats
66 creatures vanquished.

Notes
Turn   | Place    | Note
--------------------------------------------------------------
     0 | D:1      | AvylaarBelgium the Deep Elf Fire Elementalist began the quest for the Orb.
     0 | D:1      | Reached XP level 1. HP: 10/10 MP: 6/6
    52 | D:1      | Reached XP level 2. HP: 12/15 MP: 0/8
   399 | D:1      | Reached XP level 3. HP: 17/19 MP: 6/10
  1163 | D:3      | Reached XP level 4. HP: 21/24 MP: 7/12
  1340 | D:3      | Learned a level 4 spell: Sticky Flame
  1786 | D:3      | Found a shattered altar of Ashenzari.
  1793 | D:3      | Found an oddly glowing altar of Pakellas.
  1800 | D:3      | Found a burning altar of Makhleb.
  1807 | D:3      | Found an iron altar of Okawaru.
  1814 | D:3      | Found a sparkling altar of Nemelex Xobeh.
  1819 | D:3      | Found a white marble altar of Elyvilon.
  1830 | D:3      | Found an ancient bone altar of Kikubaaqudgha.
  1985 | D:4      | Reached XP level 5. HP: 28/28 MP: 9/13
  2007 | D:4      | Found a staircase to the Ecumenical Temple.
  2008 | D:4      | Noticed Krovax's ghost (amateur MfSk)
  2027 | D:4      | Killed from afar by an orc wizard

Skill      XL: |  1  2  3  4 |
---------------+-------------+-----
Conjurations   | 2 3 |  3.5
Spellcasting   | 4 |  4.8
Fire Magic     | 4 |  4.8
Dodging        | |  2.4
Stealth        | |  2.4

Action                   |  1- 3 |  4- 6 || total
-------------------------+-------+-------++-------
Melee: Unarmed           |     4 |       ||     4
       Club              |     2 |       ||     2
       Falchion          |       |     1 ||     1
 Cast: Flame Tongue      |    69 |    53 ||   122
  Eat: Chunk             |     1 |     1 ||     2
       Fruit             |       |     1 ||     1
Armor: Robe              |     4 |     3 ||     7
Dodge: Dodged            |    38 |    13 ||    51
